 Dungeon Crawl Stone Soup version 0.29-a0-541-gaf1fc19f1b (webtiles) character file.

Game seed: 13208602311522479925

2473 oldriver the Fighter (level 9, -6/86 HPs)
             Began as a Palentonga Wanderer on June 3, 2022.
             Was a Believer of Okawaru.
             Mangled by a boulder beetle (16 damage)
             ... on level 8 of the Dungeon.
             The game lasted 00:09:33 (9333 turns).

oldriver the Fighter (Palentonga Wanderer)          Turns: 9333, Time: 00:09:34

Health: -6/86      AC: 19    Str: 26    XL:     9   Next: 26%
Magic:  11/11      EV:  8    Int: 12    God:    Okawaru [**....]
Gold:   469        SH:  0    Dex: 10    Spells: 9/10 levels left

rFire   + . .      SeeInvis +   J - +2 whip (flame)
rCold   . . .      Faith    .   (no shield)
rNeg    . . .      Spirit   .   E - +4 ring mail "Leag" {rF+ SInv Stlth+}
rPois   .          Reflect  .   (no helmet)
rElec   .          Harm     .   u - +0 cloak
rCorr   .          Rampage  .   F - +0 pair of gloves
Will    .....                   (no barding)
Stlth   ++........              r - amulet of magic regeneration
HPRegen 0.24/turn               D - +6 ring of strength
MPRegen 0.52/turn               (no ring)

@: curled up
A: large, rugged brown scales 3, see invisible, deformed body, roll 1, armoured
tail, reflexive curl
a: Rolling Charge, Renounce Religion, Heroism


You were on level 8 of the Dungeon.
You worshipped Okawaru.
Okawaru was pleased with you.
You visited 1 branch of the dungeon, and saw 8 of its levels.
You also visited: Sewer.

You collected 469 gold pieces.

Inventory:

Hand Weapons
 v - a +1 flail of draining
 J - a +2 whip of flaming (weapon)
Missiles
 c - 2 datura-tipped darts
 g - 22 poisoned darts
 i - 4 atropa-tipped darts
 A - 4 throwing nets
 G - 5 curare-tipped darts
Armour
 e - a +0 troll leather armour {Pargi}
 f - a +2 tower shield
 l - a +2 robe of cold resistance
 u - a +0 cloak (worn)
 E - the +4 ring mail "Leag" (worn) {rF+ SInv Stlth+}
   (You found it on level 6 of the Dungeon)

   rF:        It protects you from fire.
   SInv:      It lets you see invisible.
   Stlth:     It makes you more stealthy.
 F - a +0 pair of gloves (worn)
Jewellery
 d - a ring of ice
 r - an amulet of magic regeneration (around neck)
 y - the ring of Mirarupp {Fire rN+}
   (You found it on level 6 of the Dungeon)

   [ring of fire]

   It enhances your fire magic.
   rF:        It protects you from fire.
   rC:        It makes you vulnerable to cold.
   rN:        It protects you from negative energy.
 D - a +6 ring of strength (left hand)
Wands
 p - a wand of polymorph (5)
Scrolls
 h - a scroll of noise
 j - a scroll of silence
 s - a scroll of teleportation
 t - a scroll of magic mapping
 x - 3 scrolls of fog
 C - a scroll of fear
 H - a scroll of amnesia
 I - a scroll of identify
 K - a scroll of summoning {unknown}
 L - a scroll of enchant weapon
Potions
 a - a potion of berserk rage
 b - 3 potions of flight
 k - 7 potions of curing
 m - 2 potions of mutation
 n - a potion of degeneration
 o - a potion of resistance
 q - a potion of brilliance {unknown}
 w - a potion of invisibility
 z - a potion of heal wounds
 B - a potion of cancellation


   Skills:
 + Level 11.1 Fighting
 + Level 4.6 Maces & Flails
 - Level 1.0 Throwing
 - Level 4.1 Armour
 - Level 1.2 Stealth
 - Level 1.0 Spellcasting
 - Level 1.0 Hexes
 - Level 3.0 Invocations


You had 9 spell levels left.
You knew the following spells:

 Your Spells              Type           Power      Damage    Failure   Level
a - Slow                  Hex            12%        N/A       28%         1

Your spell library contained the following spells:

 Spells                   Type           Power      Damage    Failure   Level
 Inner Flame              Hex/Fire       1%         N/A       71%         3
 Gell's Gravitas          Tloc           0%         N/A       78%         3
 Lesser Beckoning         Tloc           0%         N/A       78%         3
 Teleport Other           Tloc           0%         N/A       78%         3
 Borgnjor's Vile Clutch   Necr/Erth      0%         N/A       100%        5
 Fireball                 Conj/Fire      0%         3d3       100%        5
 Starburst                Conj/Fire      0%         6d3       100%        6
 Ignition                 Fire           0%         3d3       100%        8
 Summon Small Mammal      Summ           Unusable   N/A       N/A         1
 Summon Guardian Golem    Hex/Summ       Unusable   N/A       N/A         3
 Call Canine Familiar     Summ           Unusable   N/A       N/A         3
 Animate Dead             Necr           Unusable   N/A       N/A         4
 Death Channel            Necr           Unusable   N/A       N/A         6

Dungeon Overview and Level Annotations

Branches:
Dungeon (8/15)             Temple (0/1) D:6           Sewer (visited)
   Lair: D:8-11

Altars:
Dithmenos
Fedhas
Gozag
Okawaru
Ru
Vehumet
Xom

Shops:
D:4 =

Annotations:
D:3 3 runed translucent doors, DarkSlayer6995's ghost, amateur HOFE; Sabo's ghost, amateur HOFi; benadryl's ghost, weakling MeFi; thriggle's ghost, weakling MeCA; vulpzor's ghost, amateur BaFi
D:4 3 runed translucent doors, Zdeegee's ghost, amateur FoFi
D:5 2 transporters, hamster's ghost, novice SpEn


Innate Abilities, Weirdness & Mutations

You are completely covered in rugged brown scales. (AC +3, +7% HP)
You have supernaturally acute eyesight. (SInv)
Armour fits poorly on your strangely shaped body.
You can roll at nearby foes to attack.
You have a long armoured tail.
You curl defensively after being hit. (AC +7*)


Message History

The boulder beetle barely misses you.
You hit the boulder beetle but do no damage.
The boulder beetle is moderately wounded.
The boulder beetle bites you!!
You hit the boulder beetle. You burn the boulder beetle.
You tail-slap the boulder beetle.
The boulder beetle is heavily wounded.
The boulder beetle bites you!
You hit the boulder beetle but do no damage.
The boulder beetle is moderately wounded.
You hit the boulder beetle but do no damage.
You tail-slap the boulder beetle!
The boulder beetle is heavily wounded.
The boulder beetle bites you!
You hit the boulder beetle. You burn the boulder beetle.
You tail-slap the boulder beetle, but do no damage.
The boulder beetle is heavily wounded.
The boulder beetle bites you!!
* * * LOW HITPOINT WARNING * * *
You hit the boulder beetle but do no damage.
The boulder beetle is heavily wounded.
The boulder beetle bites you!
* * * LOW HITPOINT WARNING * * *
You feel much better. The boulder beetle closely misses you.
You hit the boulder beetle. You burn the boulder beetle.
The boulder beetle is heavily wounded.
The boulder beetle leaps!
You are too injured to fight recklessly!
Roll where?
Press: ? - help, Dir - move target, f/p - boulder beetle
Aim: a boulder beetle (heavily wounded)
You roll forward with a clatter of scales!
You hit the boulder beetle but do no damage.
The boulder beetle is heavily wounded.
The boulder beetle bites you!!
* * * LOW HITPOINT WARNING * * *
You whack the boulder beetle! You burn the boulder beetle.
The boulder beetle is severely wounded.
The boulder beetle bites you!
You die...

##### ....######
#.#.##...##
##..#.....##
##........#####
#............#####
#................#
#.#......#.##.#.#.#
#.###....##.##..@B.#
.# ##.####.##○°...#
# #.# #.#.°)....#
#.# #.##.....##
#........#
######.### #.# #.#
## ..


You could see a boulder beetle.

Vanquished Creatures
  5 yaks (D:5)
  A steam dragon (D:7)
  Pargi (Sewer)
  3 sky beasts (D:7)
  An ogre (D:5)
  2 centaurs
  A phantom (D:4)
  A scorpion (D:5)
  3 wights (D:7)
  3 hounds
  An orc priest (D:5)
  Jessica (D:1)
  2 iguanas
  8 orc wizards
  7 gnolls
  10 adders
  A river rat (D:4)
  2 shadow imps (D:6)
  2 white imps
  An ufetubus (D:3)
  3 worms (D:2)
  2 dart slugs
  21 orcs
  4 endoplasms
  6 giant cockroaches
  8 goblins
  6 jackals
  6 kobolds
  5 quokkas
  8 ball pythons
  6 bats
  2 frilled lizards
  2 rats
135 creatures vanquished.

Notes
Turn   | Place    | Note
-------+----------+-------------------------------------------
     0 | D:1      | oldriver the Palentonga Wanderer began the quest for the
                  | Orb.
     0 | D:1      | oldriver set off with the following items: a +0 dagger, an
                  | atropa-tipped dart, 2 datura-tipped darts, a +0 scale mail,
                  | a potion of heal wounds; and the following spell memorised:
                  | Slow; and the following spells available to memorise: Inner
                  | Flame
     0 | D:1      | Reached XP level 1. HP: 13/13 MP: 2/2
   159 | D:1      | Reached skill level 1 in Fighting
   531 | D:1      | Reached XP level 2. HP: 21/23 MP: 3/3
   866 | D:2      | Noticed Jessica
   886 | D:2      | Reached skill level 2 in Fighting
  1308 | D:1      | Killed Jessica
  1309 | D:1      | Reached skill level 3 in Fighting
  1309 | D:1      | Reached XP level 3. HP: 21/31 MP: 4/4
  1463 | D:2      | Found a faded altar of an unknown god.
  2157 | D:2      | Reached XP level 4. HP: 22/39 MP: 5/5
  2425 | D:2      | Reached skill level 4 in Fighting
  3045 | D:3      | Found a runed translucent gate.
  3045 | D:3      | Found a runed translucent gate.
  3045 | D:3      | Found a runed translucent gate.
  3046 | D:3      | Noticed Sabo's ghost (amateur HOFi)
  3047 | D:3      | Noticed DarkSlayer6995's ghost (amateur HOFE)
  3047 | D:3      | Noticed benadryl's ghost (weakling MeFi)
  3047 | D:3      | Noticed vulpzor's ghost (amateur BaFi)
  3047 | D:3      | Noticed thriggle's ghost (weakling MeCA)
  4096 | D:3      | Reached XP level 5. HP: 41/46 MP: 6/6
  4101 | D:3      | Reached skill level 5 in Fighting
  4365 | D:3      | Found an iron altar of Okawaru.
  4572 | D:3      | Became a worshipper of Warmaster Okawaru
  4771 | D:4      | Found a glowing drain.
  4777 | Sewer    | Entered a sewer
  4893 | Sewer    | Noticed Pargi
  4919 | Sewer    | Killed Pargi
  4920 | Sewer    | Reached skill level 6 in Fighting
  4920 | Sewer    | Reached XP level 6. HP: 24/55 MP: 7/7
  5178 | D:4      | Found a runed translucent gate.
  5178 | D:4      | Found a runed translucent gate.
  5178 | D:4      | Found a runed translucent gate.
  5211 | D:4      | Noticed Zdeegee's ghost (amateur FoFi)
  5603 | D:4      | Found Fiel's Jewellery Emporium.
  5707 | D:4      | Reached skill level 1 in Maces & Flails
  5865 | D:5      | Entered Level 5 of the Dungeon
  5972 | D:5      | Noticed a yak
  5974 | D:5      | Noticed a yak
  5976 | D:5      | Noticed a yak
  5976 | D:5      | Noticed a yak
  5977 | D:5      | Gained mutation: You curl defensively after being hit. (AC
                  | +7*) [Palentonga growth]
  5977 | D:5      | Reached XP level 7. HP: 17/63 MP: 8/8
  6102 | D:5      | Reached * piety under Okawaru
  6114 | D:5      | Reached skill level 7 in Fighting
  6171 | D:5      | Noticed a yak
  6183 | D:5      | Killed a yak
  6188 | D:5      | Killed a yak
  6189 | D:5      | Reached skill level 8 in Fighting
  6191 | D:5      | Killed a yak
  6192 | D:5      | Reached XP level 8. HP: 51/74 MP: 9/9
  6193 | D:5      | Reached skill level 9 in Fighting
  6200 | D:5      | Reached ** piety under Okawaru
  6337 | D:5      | Found a transporter.
  6337 | D:5      | Noticed hamster's ghost (novice SpEn)
  6339 | D:5      | Found a transporter.
  6603 | D:5      | Reached skill level 10 in Fighting
  6869 | D:6      | Found a staircase to the Ecumenical Temple.
  6873 | D:6      | Identified the ring of Mirarupp {Fire rN+}
  7073 | D:6      | Reached skill level 1 in Invocations
  7082 | D:6      | Found a shimmering altar of Xom.
  7273 | D:6      | Found a sacrificial altar of Ru.
  7487 | D:6      | Identified the +4 ring mail "Leag" {rF+ SInv Stlth+}
  8167 | D:7      | Reached XP level 9. HP: 74/84 MP: 11/11
  8210 | D:7      | Found a radiant altar of Vehumet.
  8544 | D:7      | Found a shadowy altar of Dithmenos.
  8545 | D:7      | Found an opulent altar of Gozag.
  8756 | D:7      | Reached skill level 11 in Fighting
  9047 | D:7      | Found a blossoming altar of Fedhas.
  9321 | D:8      | Noticed a boulder beetle
  9329 | D:8      | HP: 1/86 [boulder beetle (16)]
  9333 | D:8      | Mangled by a boulder beetle

Illustrated notes

Levels and vault maps discovered:
D:1:      psy_arrival_terrarium, layout_rooms, corexii_hall_statues_i
D:2:      layout_basic, hellmonk_ecumenical_altar_inner_sanctum, uniq_jessica
D:3:      layout_loops_ring, okawaru_trees_1, gammafunk_ghost_cemetery,
          minmay_increasing_density
D:4:      layout_gridville, serial_shops, nicolae_shop_hallway_plus,
          gammafunk_ghost_necromancy, gup_sewer_entry_bubbles
D:5:      layout_loops_ring, gammafunk_ghost_arena
D:6:      minmay_general_purpose_star, layout_basic,
          mainiacjoe_overflow_six_doors_small, mainiacjoe_overflow_24_doors,
          minmay_temple_entry_tees
D:7:      layout_rooms, mainiacjoe_overflow_swirl,
          mainiacjoe_overflow_divided_tiny
D:8:      layout_loops_corners

Skill      XL: |  1  2  3  4  5  6  7  8  9 |
---------------+----------------------------+-----
Fighting       | 1 3 4 6 8 10 11 | 11.1
Maces & Flails | 2 3 4 |  4.6
Invocations    | 2 3 |  3.0
Throwing       | |  1.0
Armour         | |  4.1
Stealth        | |  1.2
Spellcasting   | |  1.0
Hexes          | |  1.0

Action                   |  1- 3 |  4- 6 |  7- 9 || total
-------------------------+-------+-------+-------++-------
Melee: Dagger            |   190 |   176 |       ||   366
       Tailslap          |    21 |    35 |    28 ||    84
       Punch             |     1 |     3 |     4 ||     8
       Flail             |       |   153 |   209 ||   362
       Whip              |       |       |    13 ||    13
Throw: Dart              |     1 |       |       ||     1
 Abil: Rolling Charge    |     7 |    23 |    22 ||    52
  Use: Scroll            |       |    11 |    11 ||    22
       Potion            |       |     1 |     4 ||     5
 Stab: Sleeping          |       |     1 |       ||     1
Armor: Scale mail        |    84 |       |       ||    84
       Robe              |    41 |   203 |       ||   244
       Troll leather arm |       |    16 |    58 ||    74
       Ring mail         |       |       |    52 ||    52
Dodge: Dodged            |    73 |   220 |   109 ||   402

Table legend: (Time is in decaauts)
 A = Elapsed time spent in this place.
 B = Non-inter-level travel time spent in this place.
 C = Inter-level travel time spent in this place.
 D = Time resting spent in this place.
 E = Time spent auto-exploring this place.
 F = Levels seen in this place.
 G = Mean time per level.
                   A        B        C        D        E       F      G
               +--------+--------+--------+--------+--------+-----+--------+
         Total |   9472 |   9114 |    358 |   2063 |   5440 |   9 | 1052.4 |
       Dungeon |   9115 |   8757 |    358 |   2063 |   5203 |   8 | 1139.4 |
         Sewer |    356 |    356 |      0 |      0 |    237 |   1 |  356.0 |
               +--------+--------+--------+--------+--------+-----+--------+

Top non-repeatable levels by time:
     D:2: 1899 daAuts
     D:3: 1624 daAuts
     D:6: 1176 daAuts
     D:1: 1155 daAuts
     D:7: 1120 daAuts
     D:5: 958 daAuts
     D:4: 912 daAuts
   Sewer: 356 daAuts
     D:8: 268 daAuts
